 Dungeon Crawl Stone Soup version 0.27.0-1-g7a089689b8 (webtiles) character file.

Game seed: 14590015563348712785

423 Gunterle the Sneak (level 7, -7/79 HPs)
             Began as a Djinni Delver on Aug 4, 2021.
             Mangled by an ogre (9 damage)
             ... on level 3 of the Dungeon.
             The game lasted 00:36:10 (7354 turns).

Gunterle the Sneak (Djinni Delver)                  Turns: 7354, Time: 00:36:11

Health: -7/79      AC: 23    Str: 11 (12) XL:     7   Next: 17%
Gold:   163        EV:  2    Int: 12 (13) God:
                   SH:  0    Dex: 18

rFire    . . .     SeeInvis .   a - +0 short sword
rCold    . . .     Faith    .   (no shield)
rNeg     + + +     Spirit   .   (armour currently unavailable)
rPois    ∞         Reflect  .   (helmet currently unavailable)
rElec    .         Harm     .   (cloak currently unavailable)
rCorr    .         Rampage  .   (gloves currently unavailable)
Will     .....     NoTele   +   (boots unavailable)
Stlth    +++.......             (no amulet)
HPRegen  0.23/turn              (no ring)
MPRegen  0.00/turn              (no ring)

@: brilliant, tree-form, very slightly contaminated
A: stationary, stasis, torment immunity, boosted hp, sickness immunity, (fire
resistance 2), (cold vulnerability 1), float, innate caster, hp casting, extra
vitality 1, agile 2
a: no special abilities


You were on level 3 of the Dungeon.
You were a tree.
You visited 1 branch of the dungeon, and saw 6 of its levels.

You collected 163 gold pieces.

Inventory:

Hand Weapons
 a - a +0 short sword (weapon)
 r - a +0 falchion
 s - a +0 rapier
Missiles
 h - 109 stones
 l - 11 poisoned darts (quivered)
 m - 38 arrows
Armour
 b - a +0 leather armour (melded)
 d - a +0 pair of gloves (melded)
Wands
 g - a wand of digging (3)
 i - a wand of polymorph (5)
Scrolls
 c - a scroll of magic mapping
 e - a scroll of silence
 q - a scroll of acquirement {unknown}
 t - a scroll of blinking {unknown}
 u - a scroll of identify


   Skills:
 * Level 4.7 Fighting
 * Level 3.5 Short Blades
 * Level 2.9 Armour
 + Level 3.3 Dodging
 - Level 4.7 Stealth


You couldn't memorise any spells.
You knew the following spells:

 Your Spells              Type           Power      Damage    Failure   Level
a - Sting                 Tmut/Pois      0%         1d3       32%         1
b - Passwall              Tmut/Erth      0%         N/A       45%         2
c - Teleport Other        Tloc           0%         N/A       69%         3
Your spell library was empty.

Dungeon Overview and Level Annotations

Branches:
Dungeon (6/15)             Temple (0/1) D:6

Altars:
Cheibriados
Elyvilon
Kikubaaqudgha
Qazlal

Annotations:
D:3 2 transporters, Acheron's ghost, amateur GrVM
D:4 Grinder; Menkaure
D:5 Pikel


Innate Abilities, Weirdness & Mutations

You are a tree.
Your roots penetrate the ground, keeping you stationary.
You cannot be teleported.
You are immune to unholy pain and torment.
Your maximum health is greatly increased.
Your equipment is partially melded.
You are immune to sickness and miasma.
You are immune to poison.
((Your flesh is very heat resistant. (rF++)))
((You are vulnerable to cold. (rC-)))
You float through the air rather than walking.
You learn spells naturally, not from books.
Your magical power is your life essence.
You have superior vitality. (+4 HP)
You are very agile. (Dex +4)


Message History

The ogre looks more healthy.
Your magical contamination has completely faded away.
Casting: Sting (safe; 38% risk of failure)
Confirm with . or Enter, or press ? or * to list all spells.
Aiming: Sting (safe; 38% risk of failure)
Press: ? - help, Shift-Dir - straight line, f/p - ogre
Aim: an ogre, wielding a +0 giant club (severely wounded, 83% to hit)
You miscast Sting.
You are very lightly contaminated with residual magic.
Nothing appears to happen.
* * * LOW HITPOINT WARNING * * *
Your magical contamination has completely faded away.
The ogre hits you with a +0 giant club.
* * * LOW HITPOINT WARNING * * *
Okay, then.
It was a potion of brilliance.
You feel clever all of a sudden.
Okay, then.
It was a potion of lignification.
You turn into a tree.
Your +0 pair of gloves melds into your body.
Your +0 leather armour melds into your body.
Your roots penetrate the ground.
The ogre hits you with a +0 giant club.
* * * LOW HITPOINT WARNING * * *
Unknown command.
Casting: Sting (safe; 32% risk of failure)
Confirm with . or Enter, or press ? or * to list all spells.
Aiming: Sting (safe; 32% risk of failure)
Press: ? - help, Shift-Dir - straight line, f/p - ogre
Aim: an ogre, wielding a +0 giant club (severely wounded, 83% to hit)
You feel a surge of power!
You miscast Sting.
You are very lightly contaminated with residual magic.
Nothing appears to happen.
* * * LOW HITPOINT WARNING * * *
The ogre hits you with a +0 giant club.
* * * LOW HITPOINT WARNING * * *
As you read the scroll labelled HUQ DEG WOTOZE, it crumbles to dust.
It is a scroll of identify.
e - a scroll of silence The ogre hits you with a +0 giant club!
You die...

######## #......## .......#
###.......# .......#
#.........# .......#
#.....#...# .......#
#.....#...# .......#
#.....'..## .......#
#.....#..######### .....<.#
#.....#..........# .......#
#.....#♣#........# .......#
#.....#O#........# .......#
####.............# .......#
#.....).......#
.......######......>......#
..............####......).#
.######.##########........#
)'..............>÷........#
.##.###....#######........#


You could see an ogre.

Vanquished Creatures
  An ogre (D:4)
  A lemure (D:1)
  An orc priest (D:4)
  A centaur skeleton (D:4)
  Jessica (D:2)
  An iguana (D:3)
  7 adders
  3 gnolls (D:3)
  5 worms
  4 dart slugs
  7 orcs
  7 bats
  9 endoplasms
  9 giant cockroaches
  11 goblins
  7 hobgoblins
  5 jackals
  3 quokkas
  5 ball pythons
  A frilled lizard (D:2)
  10 kobolds
  12 rats
111 creatures vanquished.

Vanquished Creatures (others)
  2 fungi (D:4)
2 creatures vanquished.

Grand Total: 113 creatures vanquished

Notes
Turn   | Place    | Note
-------+----------+-------------------------------------------
     0 | D:5      | Gunterle the Djinni Delver began the quest for the Orb.
     0 | D:5      | Reached XP level 1. HP: 20/20 MP: 0/0
    43 | D:5      | Noticed a hound
    78 | D:5      | Noticed a lemure
    85 | D:5      | Noticed a lemure
    85 | D:5      | Noticed a black bear
    86 | D:5      | Noticed a lemure
   102 | D:4      | Reached XP level 2. HP: 22/25 MP: 0/0
   102 | D:4      | Reached XP level 3. HP: 26/30 MP: 0/0
   102 | D:4      | Learned a level 1 spell: Sting
   157 | D:4      | Noticed Grinder
   405 | D:2      | Noticed Jessica
   484 | D:2      | Reached XP level 4. HP: 32/35 MP: 0/0
  1143 | D:1      | Reached skill level 1 in Armour
  1234 | D:1      | Reached XP level 5. HP: 39/41 MP: 0/0
  1234 | D:1      | Learned a level 2 spell: Passwall
  1992 | D:2      | Killed Jessica
  2906 | D:3      | Reached XP level 6. HP: 45/47 MP: 0/0
  3313 | D:3      | Found a stormy altar of Qazlal.
  3804 | D:3      | Found a transporter.
  3806 | D:3      | Noticed Acheron's ghost (amateur GrVM)
  3809 | D:3      | Found a transporter.
  3877 | D:4      | Noticed an ogre
  4304 | D:4      | Noticed an ogre
  4316 | D:4      | Noticed Menkaure
  4384 | D:6      | Found a white marble altar of Elyvilon.
  4515 | D:6      | Found a snail-covered altar of Cheibriados.
  4638 | D:5      | Noticed Pikel
  4664 | D:3      | Gained mutation: Your body sometimes deteriorates upon
                  | taking damage. [potion of mutation]
  4664 | D:3      | Gained mutation: You are agile. (Dex +2) [potion of
                  | mutation]
  4664 | D:3      | Gained mutation: You expend health (3 HP) to strengthen
                  | your wands. [potion of mutation]
  4668 | D:3      | HP: 2/48 [lemure[Pikel] (3)]
  5671 | D:4      | Killed an ogre
  5672 | D:4      | Reached XP level 7. HP: 24/53 MP: 0/0
  5672 | D:4      | Learned a level 3 spell: Teleport Other
  6349 | D:3      | Lost mutation: You expend health (3 HP) to strengthen your
                  | wands. [potion of mutation]
  6349 | D:3      | Lost mutation: Your body sometimes deteriorates upon taking
                  | damage. [potion of mutation]
  6349 | D:3      | Gained mutation: You are very agile. (Dex +4) [potion of
                  | mutation]
  7352 | D:3      | HP: 3/79 [ogre (5)]
  7353 | D:3      | HP: 1/79 [ogre (1)]
  7354 | D:3      | Mangled by an ogre

Illustrated notes

Levels and vault maps discovered:
D:1:      dpeg_arrival_ratfight, layout_basic
D:2:      layout_basic, kennysheep_boxes, uniq_jessica
D:3:      layout_basic, nicolae_qazlal_scattered_showers,
          gup_sewer_entry_bubbles, gammafunk_ghost_mausoleum
D:4:      layout_cave_pools, mainiacjoe_overflow_chevrons, minmay_diced_spiral,
          uniq_grinder, uniq_menkaure
D:5:      layout_basic, nemelex_dance_club_becter, uniq_pikel
D:6:      layout_basic, mainiacjoe_overflow_catch_the_wave,
          nicolae_overflow_crystal_walls, minmay_temple_entry_tees

Skill      XL: |  1  2  3  4  5  6 |
---------------+-------------------+-----
Short Blades   | 2 3 |  3.5
Armour         | 1 2 |  2.9
Fighting       | 4 |  4.7
Dodging        | 3 |  3.3
Stealth        | |  4.7

Action                   |  1- 3 |  4- 6 |  7- 9 || total
-------------------------+-------+-------+-------++-------
Melee: Short sword       |    37 |   294 |   128 ||   459
Throw: Stone             |     1 |     3 |    20 ||    24
       Dart              |       |    99 |     6 ||   105
       Throwing net      |       |     1 |       ||     1
 Cast: Sting             |     1 |    25 |     6 ||    32
  Use: Potion            |     1 |     5 |     3 ||     9
       Scroll            |     2 |     4 |     1 ||     7
 Stab: Sleeping          |     1 |     3 |       ||     4
       Distracted        |       |     1 |       ||     1
Armor: Leather armour    |    15 |    76 |    16 ||   107
Dodge: Dodged            |    27 |   199 |    66 ||   292
